 Dungeon Crawl Stone Soup version 0.15.0-23-gc2b521c (console) character file.

252 gw the Skirmisher (level 5, 0/47 HPs)
             Began as a Minotaur Fighter on Sept 9, 2014.
             Was a Follower of Qazlal.
             Succumbed to a kobold's poison
             ... on Level 4 of the Dungeon.
             The game lasted 00:02:26 (3660 turns).

gw the Skirmisher (Minotaur Fighter)                Turns: 3660, Time: 00:02:26

HP   0/47        AC  8     Str 21      XL: 5   Next: 89%
MP   3/3         EV  7     Int  3      God: Qazlal [*.....]
Gold 0           SH  0     Dex 12      Spells:  0 memorised,  4 levels left

rFire  . . .     SeeInvis .     a - +1 flail
rCold  . . .     Clarity  .     b - +0 scale mail
rNeg   . . .     rCorr    .     c - +0 shield
rPois  .         rRot     .     (helmet restricted)
rElec  .         Spirit   .     (no cloak)
SustAb .         Warding  .     (no gloves)
rMut   .         Stasis   .     h - +0 pair of boots
Gourm  .                        (no amulet)
MR     .....                    (no ring)
                                (no ring)

@: confused, lethally poisoned, not resistant to hostile enchantments, extremely
unstealthy
A: retaliatory headbutt, horns 2, thin skeletal structure 1, dopey 1, high mp 1
a: Renounce Religion


You were on level 4 of the Dungeon.
You worshipped Qazlal.
Qazlal was aware of your devotion.
You were not hungry.

You visited 1 branch of the dungeon, and saw 4 of its levels.

Inventory:

Hand weapons
 a - a +1 flail (weapon)
Missiles
 e - 98 stones (quivered)
 n - 5 javelins
Armour
 b - a +0 scale mail (worn)
 c - a +0 shield (worn)
 h - a +0 pair of boots (worn)
Magical devices
 k - a wand of polymorph (2)
Comestibles
 d - 2 bread rations
 g - a meat ration
 l - a royal jelly
Scrolls
 i - a scroll of identify


   Skills:
 + Level 4.7 Fighting
 + Level 4.3 Maces & Flails
 + Level 2.2 Throwing
 + Level 4.4 Armour
 + Level 4.1 Shields
 * Level 1.9 Invocations


You had 4 spell levels left.
You didn't know any spells.

Dungeon Overview and Level Annotations

Branches:
Dungeon (4/15)
 Temple: D:4-7

Altars:
Kikubaaqudgha
Qazlal

Annotations:
D:2 exclusion: downstairs
D:3 exclusion: downstairs


Innate Abilities, Weirdness & Mutations

You reflexively headbutt those who attack you in melee.
You have a pair of horns on your head.
You have a somewhat thin skeletal structure (Dex +2, Stealth).
You are dopey. (Int -2)
You have an increased reservoir of magic (+10% MP).


Message History

You feel sick. The magic dart hits you!
Things that are here:
an uncursed whip; an uncursed blowgun; 14 poisoned needles ATTACK MOVE TO (0,-1)
You feel sick. Something hits you but does no damage.
There is an open door here.
ATTACK MOVE TO (1,-1)
You sock something! Your headbutt misses something.
You feel sick. Something hits you but does no damage.
ATTACK MOVE TO (1,-1)
You closely miss something. Your headbutt misses something.
You feel sick. Something hits you.
ATTACK MOVE TO (1,-1)
You feel sick. Something hits you.
ATTACK MOVE TO (1,-1) Ouch!
You feel sick.
You hear some strange, mumbled words.
Something tries to affect you, but you resist.
ATTACK MOVE TO (1,-1)
You die...

#.#..###.(.....
#.#...........$
#.##...%........
#.#...$.(.((....
#...........(..
###.......(###
#.).(.(.[#
#.#'##(#####
#.#.H#(....#
#.##.#..$..#
#.#........#
#.#..##....#####
#.....'.)..'....
.######.#..##....#####
...........>.....##
.########.#.#....#
...#.#....#


There were no monsters in sight!

Table legend:
 A = Turns spent in this place as a percentage of turns spent in the entire game.
 B = Non-inter-level travel turns spent in this place as a percentage of non-inter-level travel turns spent in the entire game.
 C = Inter-level travel turns spent in this place as a percentage of turns spent in this place.
 D = Turns resting spent in this place as a percentage of non-inter-level travel turns spent in this place.
 E = Turns spent auto-exploring this place as a percentage of non-inter-level travel turns spent in this place.
 F = Non-inter-level travel turns spent in this place divided by the number of levels of this place that you've seen.
                   A       B       C       D       E      F
               +-------+-------+-------+-------+-------+----------------------
         Total | 100.0 | 100.0 |   1.0 |   3.6 |  12.5 | 333.8
       Dungeon | 100.0 | 100.0 |   1.0 |   3.6 |  12.5 | 333.8
               +-------+-------+-------+-------+-------+----------------------

Table legend:
 A = Kills in this place as a percentage of kills in entire the game.
 B = Kills by you in this place as a percentage of kills by you in the entire game.
 C = Kills by friends in this place as a percentage of kills by friends in the entire game.
 D = Other kills in this place as a percentage of other kills in the entire game.
 E = Experience gained in this place as a percentage of experience gained in the entire game.
 F = Experience gained in this place divided by the number of levels of this place that you have seen.
                   A       B       C       D       E      F
               +-------+-------+-------+-------+-------+----------------------
         Total | 100.0 | 100.0 |  -nan |  -nan | 100.0 |  90.2
       Dungeon | 100.0 | 100.0 |  -nan |  -nan | 100.0 |  90.2
               +-------+-------+-------+-------+-------+----------------------

Vanquished Creatures
  An orc priest (D:4)
  A worker ant (D:4)
  7 adders
  A gnoll (D:1)
  3 worms
  4 giant geckos
  An ooze (D:1)
  11 orcs
  9 bats
  10 goblins
  12 hobgoblins
  5 kobolds
  2 ball pythons
  5 giant cockroaches
  A giant newt (D:3)
  9 jackals
  8 rats
  A plant (D:3)
91 creatures vanquished.

Notes
Turn   | Place    | Note
--------------------------------------------------------------
     0 | D:1      | gw, the Minotaur Fighter, began the quest for the Orb.
     0 | D:1      | Reached XP level 1. HP: 19/19 MP: 1/1
    17 | D:1      | Reached XP level 2. HP: 16/27 MP: 1/1
   221 | D:1      | Reached skill level 1 in Throwing
   469 | D:1      | Reached XP level 3. HP: 33/33 MP: 2/2
  1027 | D:2      | Reached XP level 4. HP: 33/40 MP: 2/2
  1034 | D:2      | Reached skill level 4 in Maces & Flails
  1435 | D:2      | Found a stormy altar of Qazlal.
  1444 | D:2      | Became a worshipper of Qazlal Stormbringer
  2388 | D:3      | Reached XP level 5. HP: 47/47 MP: 2/2
  2420 | D:3      | Acquired Qazlal's first power
  2420 | D:3      | Reached skill level 1 in Invocations
  2696 | D:3      | Found an ancient bone altar of Kikubaaqudgha.
  2996 | D:3      | Gained mutation: You are dopey. (Int -2) [potion of mutation]
  2996 | D:3      | Gained mutation: You have an increased reservoir of magic (+10% MP). [potion of mutation]
  2996 | D:3      | Gained mutation: You have a somewhat thin skeletal structure (Dex +2, Stealth). [potion of mutation]
  3048 | D:4      | Noticed Edmund
  3658 | D:4      | HP: 2/47 [something (2)]
  3660 | D:4      | Succumbed to a kobold's poison

Action                   |  1- 3 |  4- 6 || total
-------------------------+-------+-------++-------
Melee: Flail             |    78 |   126 ||   204
Throw: Stone             |    78 |   168 ||   246
Evoke: Wand              |       |     1 ||     1
  Use: Potion            |     2 |     4 ||     6
       Scroll            |     4 |     4 ||     8
  Eat: Chunk             |       |     9 ||     9

Vault maps used:
D:1:      dpeg_arrival_simpleton_c, minmay_misc_feat_enclosed
D:2:      grunt_qazlal_sundering, serial_forest, infiniplex_forest_pool,
          infiniplex_forest_lined_corner, infiniplex_forest_straight_4,
          infiniplex_forest_straight_4, infiniplex_forest_side_room,
          infiniplex_forest_clump_small, infiniplex_forest_straight_2,
          infiniplex_forest_lined_2, infiniplex_forest_clump_medium,
          infiniplex_forest_lined_room_2
D:3:      kiku_gazebo_garden_becter
D:4:      first_bread, minmay_crystal_room, uniq_edmund
